 Dungeon Crawl Stone Soup version 0.29.1-13-g9f3cf754e1 (webtiles) character file.

Game seed: 14171216929930943511

155 croobank the Insei (level 5, 0/34 HPs)
             Began as an Octopode Transmuter on Feb 5, 2023.
             Slain by an iguana (9 damage)
             ... on level 4 of the Dungeon.
             The game lasted 00:07:56 (3511 turns).

croobank the Insei (Octopode Transmuter)            Turns: 3511, Time: 00:07:56

Health: 0/34       AC:  1    Str: 10    XL:     5   Next: 37%
Magic:  7/9        EV: 13    Int: 17    God:
Gold:   100        SH:  0    Dex: 12    Spells: 2/9 levels left

rFire   . . .      SeeInvis .   k - +0 dagger (freeze)
rCold   . . .      Faith    .   (no shield)
rNeg    . . .      Spirit   .   (helmet currently unavailable)
rPois   +          Reflect  .   (no amulet)
rElec   .          Harm     .   c - ring of poison resistance
rCorr   .          Rampage  .   (no ring)
Will    .....                   (no ring)
Stlth   ++........              (no ring)
HPRegen 0.11/turn               (no ring)
MPRegen 0.11/turn               (no ring)
                                (no ring)
                                (no ring)

@: appendages (expiring), wereblooded
A: tentacle spike 3, almost no armour, amphibious, 8 rings, camouflage 1,
gelatinous body 1, (nimble swimmer 1), tentacles
a: End Transformation


You were on level 4 of the Dungeon.
One of your tentacles had grown a beastly spike.
You visited 1 branch of the dungeon, and saw 4 of its levels.

You collected 100 gold pieces.

Inventory:

Hand Weapons
 b - a +0 short sword
 k - a +0 dagger of freezing (weapon)
 l - a +0 quarterstaff
Missiles
 o - 5 boomerangs
Jewellery
 c - a ring of poison resistance (left tentacle)
Wands
 d - a wand of polymorph (5)
 i - a wand of flame (14)
Potions
 a - a potion of lignification
 e - a potion of attraction
 f - a potion of mutation
 g - 2 potions of curing
 j - 2 potions of invisibility {unknown}
 m - a potion of cancellation {unknown}
 p - a potion of haste {unknown}
 q - a potion of berserk rage {unknown}
 r - a potion of ambrosia


   Skills:
 + Level 2.2 Fighting
 + Level 1.6 Short Blades
 + Level 2.8 Dodging
 - Level 3.1 Unarmed Combat
 + Level 2.8 Spellcasting
 + Level 2.8 Transmutations
 + Level 0.9 Ice Magic


You had 2 spell levels left.
You knew the following spells:

 Your Spells              Type           Power      Damage    Failure   Level
a - Beastly Appendage     Tmut           24%        N/A       5%          1
b - Wereblood             Tmut           12%        N/A       9%          2
c - Ice Form              Ice/Tmut       8%         N/A       63%         4

Your spell library contained the following spells:

 Spells                   Type           Power      Damage    Failure   Level
 Spider Form              Tmut/Pois      7%         N/A       30%         3
 Gell's Gravitas          Tloc           2%         N/A       47%         3
 Teleport Other           Tloc           2%         N/A       47%         3
 Dispersal                Tloc           1%         N/A       100%        6


Dungeon Overview and Level Annotations

Branches:
Dungeon (4/15)
 Temple: D:4-7

Altars:

Shops:
D:4 ?

Annotations:
D:2 1 runed translucent door, Crazy Yiuf, Terence


Innate Abilities, Weirdness & Mutations

One of your tentacles has grown a beastly spike.
You cannot wear most types of armour.
You are amphibious.
You can wear up to eight rings at the same time.
Your skin changes colour to match your surroundings (Stealth+).
Your rubbery body absorbs attacks. (AC +1, EV +1)
((You are camouflaged when in or above water. (Stealth+)))
You have tentacles for arms and can constrict up to eight enemies at once.


Message History

You start resting.
Magic restored.
You start resting.
You hear the hiss of an avalanche of sand nearby.
A kobold comes into view. It is wielding a +0 dagger.
An iguana comes into view.
The kobold shouts!
The kobold throws a stone.
The stone misses you.
As you read the scroll of magic mapping, it crumbles to dust.
You feel aware of your surroundings.
You sensed 1 altar, and 2 shops/portals.
The kobold throws a stone.
The stone misses you.
Casting: Wereblood (safe; 9% risk of failure)
Confirm with . or Enter, or press ? or * to list all spells.
One of your tentacles grows a vicious spike.
Casting: Beastly Appendage (safe; 5% risk of failure)
Confirm with . or Enter, or press ? or * to list all spells.
Your blood is infused with primal strength.
The kobold throws a stone.
The stone closely misses you.
Found 3 stones.
Found a stone staircase leading down.
The kobold throws a stone.
The stone hits you.
You hit the kobold. You freeze the kobold. Your grab misses the kobold.
You pierce the kobold.
You feel a bit better.
You kill the kobold!
Things that are here:
a +0 dagger; a stone; a kobold corpse You howl as the wereblood boils in your veins!
Your transformation is almost over.
The iguana hisses angrily.
Found Roacem's Magic Scroll Boutique.
You barely miss the iguana. Your grab misses the iguana.
Your tentacle-slap misses the iguana.
The iguana closely misses you.
You closely miss the iguana. You grab the iguana.
You pierce the iguana, but do no damage.
You constrict the iguana, but do no damage.
The iguana bites you!
* * * LOW HITPOINT WARNING * * *
You barely miss the iguana. You constrict the iguana. The iguana bites you!
You die...

#.......#.<....#
####.......#..###.#
#..........#......#
#..........##..##.#
#.......)..##†.#*,*
#..........##.##*,*
*#..........##.#
*,*
*..............#
*,*
*.......@..#####
*,* *.......l..#
*** *..........#
*..........#
*.........## *
*******#####.####
***,,,,* #.*
,,,,,,,* #∩*
*****,,***
*,*********


You could see an iguana.

Vanquished Creatures
  Ijyb (D:3)
  2 iguanas (D:4)
  An adder (D:3)
  A worm (D:2)
  2 dart slugs
  7 orcs (D:3)
  6 bats
  4 endoplasms
  5 giant cockroaches
  5 goblins
  2 hobgoblins
  A quokka (D:2)
  4 ball pythons
  4 frilled lizards
  10 kobolds
  4 rats
59 creatures vanquished.

Vanquished Creatures (others)
  A fungus (D:2)
1 creature vanquished.

Grand Total: 60 creatures vanquished

Notes
Turn   | Place    | Note
-------+----------+-------------------------------------------
     0 | D:1      | croobank the Octopode Transmuter began the quest for the
                  | Orb.
     0 | D:1      | Reached XP level 1. HP: 13/13 MP: 3/3
   172 | D:1      | Found a faded altar of an unknown god.
   432 | D:1      | Reached XP level 2. HP: 18/18 MP: 3/5
   437 | D:1      | Learned a level 2 spell: Wereblood
   951 | D:1      | Reached XP level 3. HP: 22/23 MP: 2/6
  1725 | D:2      | Noticed Terence
  2319 | D:2      | Found a runed translucent door.
  2320 | D:2      | Noticed Crazy Yiuf
  2475 | D:3      | Identified the +1 leather armour "Busaazoexa" {Will+}
  2520 | D:3      | Noticed Ijyb
  2577 | D:3      | Killed Ijyb
  2578 | D:3      | Reached skill level 1 in Short Blades
  2578 | D:3      | Reached XP level 4. HP: 29/29 MP: 7/7
  2787 | D:3      | Learned a level 4 spell: Ice Form
  3406 | D:4      | Reached XP level 5. HP: 34/34 MP: 4/9
  3508 | D:4      | Found Roacem's Magic Scroll Boutique.
  3511 | D:4      | Slain by an iguana

Illustrated notes

Levels and vault maps discovered:
D:1:      psy_arrival_whirlpool, layout_basic, chequers_ecumenical_altar_lobes,
          chequers_serial_rivers_micro_e, hex_tiny
D:2:      layout_loops_ring, uniq_terence, uniq_crazy_yiuf_cottage
D:3:      cheibrodos_helix_gallery, layout_basic, corexii_shack, uniq_ijyb
D:4:      layout_basic, bloody_trog, serial_shops, shop, enter_ossuary_2

Skill      XL: |  1  2  3  4 |
---------------+-------------+-----
Short Blades   | 1 |  1.6
Fighting       | 2 |  2.2
Dodging        | |  2.8
Unarmed Combat | |  3.1
Spellcasting   | |  2.8
Transmutations | |  2.8
Ice Magic      | |  0.9

Action                   |  1- 3 |  4- 6 || total
-------------------------+-------+-------++-------
Melee: Unarmed           |    33 |       ||    33
       Kick              |    25 |    18 ||    43
       Constrict         |    20 |    10 ||    30
       Punch             |     2 |     2 ||     4
       Short sword       |    30 |       ||    30
       Dagger            |    57 |    45 ||   102
       Tentacles         |     6 |    10 ||    16
 Cast: Beastly Appendage |    26 |    10 ||    36
       Wereblood         |    18 |    10 ||    28
  Use: Scroll            |     3 |     4 ||     7
       Potion            |     2 |       ||     2
 Stab: Sleeping          |     3 |     3 ||     6
Armor: Skin              |    37 |     2 ||    39
Dodge: Dodged            |    57 |    24 ||    81
